 Dungeon Crawl Stone Soup version 0.21.1-1-g345015fe64 (webtiles) character file.

127 Fascinator the Ruffian (level 4, -3/31 HPs)
             Began as a Draconian Transmuter on July 7, 2018.
             Was a Follower of Hepliaklqana.
             Slain by Duvessa
             ... wielding a +0 short sword
              (6 damage)
             ... on level 4 of the Dungeon.
             The game lasted 00:06:19 (2752 turns).

Fascinator the Ruffian (Draconian Transmuter)       Turns: 2752, Time: 00:06:19

Health: -3/31      AC:  5    Str: 13    XL:     4   Next: 85%
Magic:  7/7        EV: 12    Int: 13    God:    Hepliaklqana [*.....]
Gold:   202        SH:  0    Dex: 12    Spells: 7/8 levels left

rFire    + . .     SeeInvis .   e - +0 dagger (venom)
rCold    x . .     Gourm    .   (no shield)
rNeg     . . .     Faith    .   (armour unavailable)
rPois    .         Spirit   .   (helmet restricted)
rElec    .         Reflect  .   (no cloak)
rCorr    .         Harm     .   (no gloves)
MR       .....                  (no boots)
Stlth    +.........             (no amulet)
HPRegen  0.10/turn              t - ring of fire
MPRegen  0.10/turn              (no ring)

@: no status effects
A: unfitting armour, reduced essence, cold-blooded, AC +5
a: Recall Ancestor, Ancestor Identity, Renounce Religion


You were on level 4 of the Dungeon.
You worshipped Hepliaklqana.
Hepliaklqana was aware of your devotion.
You were not hungry.

You visited 1 branch of the dungeon, and saw 4 of its levels.

You collected 202 gold pieces.

Inventory:

Hand Weapons
 e - a +0 dagger of venom (weapon)
Missiles
 a - 61 arrows
Jewellery
 t - a ring of fire (left hand)
Wands
 r - a wand of polymorph (9)
Scrolls
 d - 5 scrolls of teleportation {unknown}
 g - 2 scrolls of remove curse {unknown}
 l - 6 scrolls of identify {unknown}
 p - 2 scrolls of magic mapping {unknown}
 q - a scroll of fear {unknown}
 s - a scroll of noise {unknown}
 v - a scroll of fog {unknown}
Potions
 f - 2 potions of lignification {unknown}
 h - 2 potions of resistance {unknown}
 i - 3 potions of heal wounds {unknown}
 j - a potion of agility {unknown}
 k - a potion of curing {unknown}
 m - a potion of invisibility {unknown}
 o - 2 potions of degeneration {unknown}
 u - a potion of mutation {unknown}
 x - a potion of brilliance {unknown}
Books
 b - a book of Changes

   Spells                             Type                      Level
   a - Beastly Appendage              Transmutation                1
   b - Sticks to Snakes               Transmutation                2
   c - Spider Form                    Transmutation/Poison         3
   d - Ice Form                       Ice/Transmutation            4
   e - Blade Hands                    Transmutation                5
 n - a book of Minor Magic

   Spells                             Type                      Level
   a - Magic Dart                     Conjuration                  1
   b - Blink                          Translocation                2
   c - Call Imp                       Summoning                    2
   d - Slow                           Hexes                        2
   e - Conjure Flame                  Conjuration/Fire             3
   f - Mephitic Cloud                 Conjuration/Poison/Air       3
 w - a book of Cantrips

   Spells                             Type                      Level
   a - Confusing Touch                Hexes                        1
   b - Animate Skeleton               Necromancy                   1
   c - Summon Small Mammal            Summoning                    1
   d - Apportation                    Translocation                1
Comestibles
 c - 6 rations


   Skills:
 + Level 1.6 Fighting
 - Level 1.0 Short Blades
 + Level 2.3 Dodging
 - Level 0.2 Stealth
 * Level 4.2 Unarmed Combat
 * Level 2.6 Spellcasting
 * Level 2.5 Transmutations


You had 7 spell levels left.
You knew the following spells:

 Your Spells              Type           Power        Failure   Level  Hunger
a - Beastly Appendage     Tmut           #.....       9%          1    #......


Dungeon Overview and Level Annotations

Branches:
Dungeon (4/15)
 Temple: D:4-7

Altars:
Fedhas
Hepliaklqana
Makhleb
Trog
Zin

Annotations:
D:3 tidbits's ghost, amateur GnNe
D:4 Dowan; Duvessa


Innate Abilities, Weirdness & Mutations

Your plain brown scales are hard. (AC +5)
You cannot fit into any form of body armour.
You are cold-blooded and may be slowed by cold attacks.
Your life essence is reduced to manifest your ancestor. (-10% HP)


Message History

* * * LOW HITPOINT WARNING * * *
Dowan hits Servius with a dagger.
Servius misses Dowan.
Duvessa hits you with a short sword.
* * * LOW HITPOINT WARNING * * *
A quokka comes into view.
Dowan hits Servius but does no damage.
Servius barely misses Dowan.
Dowan hits Servius with a dagger.
Servius hits Dowan but does no damage.
Duvessa closely misses you.
Duvessa looks more healthy.
Something barely misses Servius.
Duvessa barely misses you.
There is an open door, spattered with blood here.
Items here: ))) [[ ††
Items here: )) [ †† a hand axe; an animal skin; a morningstar; an orc corpse x2
Your horns disappear.
Something bites Servius.
Duvessa misses you.
Servius closely misses Duvessa.
The quokka barely misses Servius.
Duvessa says, "Where magic fails, the sword succeeds!"
Duvessa hits you with a short sword.
You die...

#### ..# #.#
#######.################
........................
######.################
#.# ####@#####
#...e...)# #........#
######..R....#
#.re.###r#####
##...#.r..# ##....e...#
# ##._e.....# #
##........# #


You could see the friendly Servius the ancestor, Duvessa, Dowan and 2 quokkas.

Vanquished Creatures
  An orc wizard (D:4)
  3 adders
  A dart slug (D:1)
  2 leopard geckos (D:1)
  6 orcs (D:4)
  3 giant cockroaches
  6 goblins
  4 hobgoblins
  4 jackals
  A quokka (D:3)
  7 bats
  2 frilled lizards (D:1)
  6 kobolds
  5 rats
51 creatures vanquished.

Vanquished Creatures (collateral kills)
  A leopard gecko (D:4)
  2 orcs
  A jackal (D:4)
4 creatures vanquished.

Vanquished Creatures (others)
  3 ancestors
3 creatures vanquished.

Grand Total: 58 creatures vanquished

Notes
Turn   | Place    | Note
-------+----------+-------------------------------------------
     0 | D:1      | Fascinator the Draconian Transmuter began the quest for the Orb.
     0 | D:1      | Reached XP level 1. HP: 16/16 MP: 3/3
    83 | D:1      | Reached XP level 2. HP: 20/23 MP: 5/5
   630 | D:2      | Reached XP level 3. HP: 14/28 MP: 4/6
  1244 | D:2      | Found a hazy altar of Hepliaklqana.
  1252 | D:2      | Became a worshipper of Hepliaklqana the Forgotten
  1589 | D:3      | Found a glowing silver altar of Zin.
  1595 | D:3      | Found a blossoming altar of Fedhas.
  1754 | D:3      | Found a bloodstained altar of Trog.
  2061 | D:3      | Noticed tidbits's ghost (amateur GnNe)
  2300 | D:4      | Reached skill level 1 in Short Blades
  2300 | D:4      | Reached XP level 4. HP: 31/31 MP: 7/7
  2327 | D:4      | Reached * piety under Hepliaklqana
  2429 | D:4      | Found a burning altar of Makhleb.
  2453 | D:4      | Reached skill level 4 in Unarmed Combat
  2562 | D:4      | Found a bloodstained altar of Trog.
  2736 | D:4      | Noticed Dowan
  2737 | D:4      | Noticed Duvessa
  2752 | D:4      | Slain by Duvessa

Skill      XL: |  1  2  3  4 |
---------------+-------------+-----
Dodging        | 2 |  2.3
Short Blades   | 1 |  1.0
Unarmed Combat | 4 |  4.2
Fighting       | |  1.6
Stealth        | |  0.2
Spellcasting   | |  2.6
Transmutations | |  2.5

Action                   |  1- 3 |  4- 6 || total
-------------------------+-------+-------++-------
Melee: Unarmed           |    11 |       ||    11
       Dagger            |   135 |    47 ||   182
       Tailslap          |    17 |     3 ||    20
       Kick              |     3 |       ||     3
       Punch             |     2 |     1 ||     3
       Headbutt          |     1 |     3 ||     4
 Cast: Beastly Appendage |     3 |     2 ||     5
 Stab: Sleeping          |     2 |       ||     2
       Distracted        |       |     1 ||     1
  Eat: Chunk             |     2 |     1 ||     3
       Ration            |     1 |       ||     1
Armor: Skin              |    34 |     7 ||    41
Dodge: Dodged            |    91 |    28 ||   119
